cohdb
Replays
Latest Replays
All Replays
Popular Replays
Top Player Replays
Match Explorer
How It Works
Community
CoH3 Stats
Reddit
Sign in to upload your games and track your stats! →
Sign in with Steam
Match 41016168
Unlisted
Match 41016168
Overview
Messages
Build Orders
End
Vickers Machine Gun Team
Construct Section Command Post
Selects Indian Artillery Battlegroup
Selects Indian Artillery Battlegroup
Dingo Light Scout Car
Infantry Section
Infantry Section
Infantry Section
Selects War Cry
Construct Platoon Command Post
Humber Armored Car
Infantry Training
Selects Gurkha Rifles Section
Construct Company Command Post
Crusader II Medium Tank
Selects Volunteer Infantry
Foot Guards Section
Crusader II Medium Tank
Gurkha Rifles Section
War Cry
Selects Artillery Saturation
Selects Off-map Airburst Barrage
Crusader II Medium Tank
Construct Field Infirmary
Selects BL5.5 Artillery Emplacement
Foot Guards Section
War Cry
Off-map Airburst Barrage
Off-map Airburst Barrage
STALKER4732
SoyaLors
Raedwulf
Devochkin
High Voltage
clemenzo
Hubert
[PBSr]Confident Pwoh
0
0
Comments
sign in to comment!
No comments posted yet!